[Event "Late-Titled-Tuesday-Blitz-November-28-2023"]
[Site "Chess.com"]
[Date "2023.11.28"]
[Round "4"]
[White "Siemba"]
[Black "LUISMIGUELOV"]
[Result "1-0"]
[WhiteElo "2599"]
[BlackElo "2198"]
[TimeControl "180+1"]
[EndTime "14:36:04 PST"]
[Termination "Siemba won on time"]

1. e4 c6 2. d4 d5 3. Nc3 dxe4 4. Nxe4 Bf5 5. Ng3 Bg6 6. h4 h6 7. Nf3 Nd7 8. h5 Bh7 9. Bd3 Bxd3 10. Qxd3 e6 11.
Bd2 Ngf6 12. O-O-O Qb6 13. Rhe1 O-O-O 14. c4 Bb4 15.
Bc3 Bxc3 16. Qxc3 Rhe8 17. Ne5 Nxe5 18. dxe5 Rxd1+ 19. Rxd1 Nd7 20. Ne4 Re7 21. c5 Qa6 22. Nd6+ Kc7 23. a3 b6 24. b4 Nxe5 25. Qxe5 Qxa3+ 26. Qb2 Qa4 27. cxb6+ axb6 28. Nc4 Qb5 29. Qe5+ Qxe5 30. Nxe5 c5 31. b5 g6 32. Nc4 gxh5 33.
Rd6 e5 34. Rc6+ Kb7 35. Rxb6+ Ka7 36. Ra6+ Kb7 37. Na5+ Kc8 38. b6 Re6 39. b7+ Kb8 40.
Ra8+ 1-0

[Event "Late-Titled-Tuesday-Blitz-November-28-2023"]
[Site "Chess.com"]
[Date "2023.11.28"]
[Round "4"]
[White "WilliamAlfaroCaracas"]
[Black "katharinareinecke"]
[Result "0-1"]
[WhiteElo "2201"]
[BlackElo "2009"]
[TimeControl "180+1"]
[EndTime "14:36:04 PST"]
[Termination "katharinareinecke won on time"]

1. e4 c6 2. d4 d5 3. exd5 cxd5 4. c4 Nf6 5. Nc3 e6 6. Nf3 Nc6 7. c5 Be7 8. Qc2 O-O 9. Bb5 a6 10. Bxc6 bxc6 11. Ne5 Bb7 12. O-O Nd7 13. f4 a5 14.
f5 Nxe5 15. dxe5 Bxc5+ 16. Kh1 Ba6 17. Rf3 Bd4 18. Bf4 exf5 19. Qxf5 g6 20. Qg4 f5 21.
Qg3 Qe7 22. Re1 Rab8 23. Bg5 Qe6 24. Bf6 Rxb2 25. Qh4 Rf7 26. Qxd4 Rxf6 27. Nxd5 cxd5 28.
Qxb2 Rf8 29. Rc1 Bc4 30. Qb6 Qxb6 0-1

[Event "Late-Titled-Tuesday-Blitz-November-28-2023"]
[Site "Chess.com"]
[Date "2023.11.28"]
[Round "4"]
[White "chrisclaireredfield"]
[Black "Jospem"]
[Result "0-1"]
[WhiteElo "2575"]
[BlackElo "3050"]
[TimeControl "180+1"]
[EndTime "14:36:06 PST"]
[Termination "Jospem won by resignation"]

1. Nf3 c5 2. g3 Nc6 3. c4 g6 4.
Bg2 Bg7 5. O-O d6 6. Nc3 e6 7. a3 Nge7 8. Rb1 O-O 9. b4 Rb8 10. Qb3 b6 11. d3 Bb7 12. Bg5 h6 13. Bd2 Nd4 14. Nxd4 cxd4 15. Na2 Bxg2 16. Kxg2 Qd7 17. b5 h5 18. Nb4 Rbc8 19. a4 e5 20. Ra1 h4 21. a5 h3+ 22. Kg1 Kh7 23. axb6 axb6 24.
Ra6 Rb8 25. Rfa1 Rfc8 26. Ra7 Rb7 27. Qa4 Rcb8 28. f3 f5 29. Nc6 Rc8 30. Nxe7 Qxe7 31. Rxb7 Qxb7 32. Qa7 Rc7 33. Qxb7 Rxb7 34. Ra8 Bf6 35.
Bb4 Be7 36. Kf2 Kg7 37. Rc8 Kf7 38. Rc6 Ke6 39. e3 Ra7 40. exd4 exd4 41. Rxb6 Ra2+ 42. Kg1 Rg2+ 43. Kh1 Rb2 0-1

[Event "Late-Titled-Tuesday-Blitz-November-28-2023"]
[Site "Chess.com"]
[Date "2023.11.28"]
[Round "4"]
[White "expii"]
[Black "Romadk"]
[Result "1/2-1/2"]
[WhiteElo "2243"]
[BlackElo "2450"]
[TimeControl "180+1"]
[EndTime "14:36:07 PST"]
[Termination "Game drawn by agreement"]

1. e4 Nf6 2. e5 Nd5 3. d4 d6 4.
c4 Nb6 5. exd6 cxd6 6. Nc3 g6 7. Nf3 Bg7 8. Be2 Bg4 9. O-O O-O 10. b3 Nc6 11. Be3 d5 12. c5 Nc8 13. h3 Bxf3 14.
Bxf3 e6 15. a3 N8e7 16. Ne2 Nf5 17. Rc1 Nh4 18. b4 Nxf3+ 19. gxf3 Qh4 20. Kg2 Ne7 21. Qd2 h6 22. Ng3 Nf5 23. Nxf5 gxf5 24. Bf4 Kh7 25. Kh2 Bf6 26. Rg1 Rg8 27. Qe3 Bg5 28. Bxg5 Rxg5 29.
f4 Rg4 30. Rxg4 fxg4 31. Rg1 Rg8 32. Qg3 Qxg3+ 33. Rxg3 h5 34. f3 f5 35. hxg4 hxg4 36.
fxg4 fxg4 37. Kg2 Rg6 38. Kf2 Kg7 39. Ke3 Kf6 40. b5 Kf5 41. a4 Rg7 42. a5 Rh7 43. b6 axb6 44. axb6 Rh8 1/2-1/2

[Event "Late-Titled-Tuesday-Blitz-November-28-2023"]
[Site "Chess.com"]
[Date "2023.11.28"]
[Round "4"]
[White "DawnofEpiphany"]
[Black "2Killer2"]
[Result "1-0"]
[WhiteElo "2651"]
[BlackElo "2450"]
[TimeControl "180+1"]
[EndTime "14:36:10 PST"]
[Termination "DawnofEpiphany won by resignation"]

1. d4 e6 2. e4 d5 3. exd5 exd5 4. Nf3 Bd6 5. c4 dxc4 6. Bxc4 Nf6 7. O-O O-O 8. Nc3 Bg4 9. h3 Bh5 10. Bg5 h6 11.
Bh4 Nbd7 12. Re1 c6 13. g4 Bg6 14. Ne5 Bh7 15. Qb3 Qb6 16. Bxf7+ Kh8 17. Bg3 Bxe5 18. dxe5 Ne8 19. e6 Nc5 20. Qxb6 axb6 21. Re3 Bg8 22. Bxg8 Kxg8 23. f4 Nc7 24. f5 Nd5 25.
Nxd5 cxd5 26. Bd6 Rfd8 27. Bc7 Rdc8 28. Bxb6 Ne4 29. Bd4 Rc4 30. Rd1 Rxa2 31. Re2 Raa4 32.
Be5 Ra5 33. Kg2 Rac5 34. Kf3 Rc2 35. Rxc2 Rxc2 36. Rxd5 Ng5+ 37. Ke3 Rxb2 38. Bxb2 1-0

[Event "Late-Titled-Tuesday-Blitz-November-28-2023"]
[Site "Chess.com"]
[Date "2023.11.28"]
[Round "4"]
[White "tantaan"]
[Black "OPQRC"]
[Result "1-0"]
[WhiteElo "2366"]
[BlackElo "2533"]
[TimeControl "180+1"]
[EndTime "14:36:11 PST"]
[Termination "tantaan won on time"]

1. e4 c5 2. Nf3 Nc6 3. Bb5 g6 4. O-O Bg7 5. Re1 e5 6. c3 Nge7 7. d4 cxd4 8. cxd4 Nxd4 9. Nxd4 exd4 10. Nd2 O-O 11. Nb3 d5 12. e5 a6 13. Bf1 Nc6 14.
Bf4 Qb6 15. Bg3 Bf5 16. h4 Rac8 17. h5 Rfe8 18. f4 a5 19. Bf2 a4 20. Nxd4 Qxb2 21. Nxf5 gxf5 22. h6 Bxh6 23. Rb1 Qxa2 24. Rxb7 d4 25. Qh5 Bg7 26. Bd3 Ne7 27. Bh4 Ng6 28. Bxf5 Rb8 29. Rxb8 Rxb8 30. e6 Qxg2+ 31. Kxg2 Nxf4+ 32. Kf3 Nxh5 33. e7 Rb3+ 34. Kg4 1-0

[Event "Late-Titled-Tuesday-Blitz-November-28-2023"]
[Site "Chess.com"]
[Date "2023.11.28"]
[Round "4"]
[White "Kostukov_Alex"]
[Black "PawnEatingZombie"]
[Result "0-1"]
[WhiteElo "2357"]
[BlackElo "2183"]
[TimeControl "180+1"]
[EndTime "14:36:14 PST"]
[Termination "PawnEatingZombie won by resignation"]

1. g3 d5 2. Bg2 Nf6 3. d3 e6 4. e4 c5 5. Qe2 Be7 6. e5 Nfd7 7. Nf3 Nc6 8. O-O O-O 9. c4 Nb6 10. Nc3 Nd4 11. Nxd4 cxd4 12. Nb5 dxc4 13. dxc4 a6 14. Na3 d3 15. Qd1 Bxa3 16. bxa3 Nxc4 17. Bf4 Qd4 18.
Qa4 b5 19. Qb4 Rb8 20. Rfd1 Bb7 21. Bxb7 Rxb7 22. Qb3 Rd7 23. a4 Nxe5 24. Bxe5 Qxe5 25. Rxd3 Qxa1+ 0-1

[Event "Late-Titled-Tuesday-Blitz-November-28-2023"]
[Site "Chess.com"]
[Date "2023.11.28"]
[Round "4"]
[White "SpeedofLight0"]
[Black "larsmandreassen"]
[Result "1-0"]
[WhiteElo "2877"]
[BlackElo "2258"]
[TimeControl "180+1"]
[EndTime "14:36:19 PST"]
[Termination "SpeedofLight0 won on time"]

1. d4 d5 2. c4 e6 3. Nc3 c5 4. cxd5 cxd4 5. Qa4+ Bd7 6. Qxd4 exd5 7. Qxd5 Nc6 8. Qd1 Nf6 9. Nf3 Bc5 10. e3 Qe7 11. Be2 g5 12. O-O g4 13. Nd4 h5 14. Na4 Bd6 15.
Nb5 Bb8 16. b3 Qe5 17. g3 Qxa1 18. Qd2 Qe5 19. Bb2 Qe7 20. Ba3 Qe5 21. Rd1 a6 22.
Bb2 Qf5 23. Bxf6 axb5 24. Nb6 Qxf6 25. Qxd7+ Kf8 26. Nxa8 Kg7 27. Nc7 Ne5 28. Ne8+ Rxe8 29. Qxe8 Ba7 30. Rd8 Ng6 31. Bd3 h4 32. gxh4 1-0

[Event "Late-Titled-Tuesday-Blitz-November-28-2023"]
[Site "Chess.com"]
[Date "2023.11.28"]
[Round "4"]
[White "jinxy2009"]
[Black "stasOR4ik"]
[Result "0-1"]
[WhiteElo "2282"]
[BlackElo "2486"]
[TimeControl "180+1"]
[EndTime "14:36:20 PST"]
[Termination "stasOR4ik won on time"]

1. e4 c6 2. d4 d5 3. e5 c5 4. dxc5 e6 5. c3 Nd7 6. b4 a5 7. Nf3 Qc7 8. Be2 Nxe5 9. O-O Bd7 10. Be3 Nxf3+ 11. Bxf3 Ne7 12. Qd2 Ng6 13. Bd4 Be7 14. g3 O-O 15. h4 e5 16. Be3 axb4 17.
cxb4 d4 18. Bg5 f6 19. h5 fxg5 20. hxg6 hxg6 21. Bd5+ Kh7 22. Kg2 Bh3+ 23. Kxh3 Qd7+ 24. Kh2 Qxd5 25. Nc3 Qf3 26. Nb5 Rh8 27. Kg1 Kg8 0-1

[Event "Late-Titled-Tuesday-Blitz-November-28-2023"]
[Site "Chess.com"]
[Date "2023.11.28"]
[Round "4"]
[White "vladgoncharov"]
[Black "PoXerStar"]
[Result "1-0"]
[WhiteElo "2628"]
[BlackElo "2399"]
[TimeControl "180+1"]
[EndTime "14:36:21 PST"]
[Termination "vladgoncharov won by checkmate"]

1. d4 Nf6 2. c4 c5 3. Nf3 cxd4 4. Nxd4 g6 5. Nc3 Bg7 6. e4 O-O 7. Be2 Nc6 8. Be3 d6 9. O-O Nxd4 10. Bxd4 Bd7 11.
Be3 a5 12. Qd2 Bc6 13. f3 Nd7 14. b3 Nc5 15. Rab1 f5 16. exf5 gxf5 17. Nd5 Bxd5 18. Qxd5+ e6 19. Qd2 Qc7 20. Rfd1 Rad8 21. Bf1 Kh8 22.
Qf2 f4 23. Bd4 Bxd4 24. Rxd4 e5 25. Rd5 Ne6 26. Bd3 Nd4 27. Be4 b6 28. Rd1 Qg7 29. R1xd4 exd4 30. Qxd4 Qxd4+ 31. Rxd4 Rfe8 32. Kf2 Re5 33. Bc6 Rf5 34. g4 fxg3+ 35. hxg3 Kg7 36. g4 Rc5 37. Bd5 b5 38. Re4 bxc4 39. bxc4 Rd7 40. f4 h6 41. Kg3 a4 42. Re8 Ra7 43. Rd8 Ra6 44. Rd7+ Kf6 45. Kh4 h5 46. Kxh5 a3 47. Rf7# 1-0

[Event "Late-Titled-Tuesday-Blitz-November-28-2023"]
[Site "Chess.com"]
[Date "2023.11.28"]
[Round "4"]
[White "aa175"]
[Black "picturesquecheck"]
[Result "1-0"]
[WhiteElo "2605"]
[BlackElo "2373"]
[TimeControl "180+1"]
[EndTime "14:36:23 PST"]
[Termination "aa175 won by checkmate"]

1. d4 Nf6 2. Bf4 d5 3. e3 e6 4.
Nf3 Bd6 5. Nbd2 O-O 6. Bd3 c5 7. c3 Qc7 8. Bxd6 Qxd6 9. Ne5 b6 10. f4 Ba6 11. Bc2 Nbd7 12. Qf3 Rac8 13. Qh3 g6 14. Qh6 Rfe8 15. h4 Qf8 16. Qg5 Qg7 17. h5 Nxe5 18.
fxe5 Nxh5 19. Nf3 f6 20. exf6 Nxf6 21. Ne5 Nd7 22. Nxd7 Qxd7 23. O-O-O Qg7 24. Rh6 cxd4 25. Bxg6 dxc3 26. Bxh7+ Kf7 27. Bg6+ Kg8 28. b3 c2 29.
Rd4 e5 30. Bh7+ Kf8 31. Rf6+ Qxf6 32. Qxf6# 1-0

[Event "Late-Titled-Tuesday-Blitz-November-28-2023"]
[Site "Chess.com"]
[Date "2023.11.28"]
[Round "4"]
[White "HajiyevKanan"]
[Black "HanSchut"]
[Result "0-1"]
[WhiteElo "2498"]
[BlackElo "2305"]
[TimeControl "180+1"]
[EndTime "14:36:25 PST"]
[Termination "HanSchut won by checkmate"]

1. d4 Nf6 2. Nf3 g6 3. c4 Bg7 4.
g3 O-O 5. Bg2 d5 6. O-O dxc4 7.
Na3 c3 8. bxc3 c5 9. e3 cxd4 10. cxd4 Nc6 11. Nc4 Be6 12. Nfe5 Nxe5 13. Nxe5 Bd5 14. f3 Nd7 15. Nd3 e5 16. e4 Bc4 17.
d5 f5 18. Ba3 Rf7 19. Rc1 fxe4 20. Rxc4 exd3 21. Qxd3 Nb6 22. Rc5 Bf8 23. Rb5 a6 24. Ra5 Bxa3 25. Qxa3 Nc4 26. Qc3 Nxa5 27. Qxe5 Nc4 28.
Qd4 b5 29. Bh3 Qb6 30. Qxb6 Nxb6 31. Be6 Kf8 32. Bxf7 Kxf7 33. Rd1 Rd8 34. d6 Ke6 35. Kf2 Rxd6 36. Re1+ Kd7 37. Re2 Nc4 38. Ke1 Re6 39. f4 Rxe2+ 40. Kxe2 Ke6 41. g4 a5 42. Kd3 Kd5 43. h4 b4 44. h5 Nd6 45. hxg6 hxg6 46. Kc2 Kc4 47. Kb2 a4 48. Kc2 b3+ 49. axb3+ axb3+ 50. Kb2 Kb4 51. Kb1 Kc3 52. Kc1 b2+ 53. Kb1 Kb3 54.
f5 gxf5 55. gxf5 Ne4 56. f6 Nc3# 0-1

[Event "Late-Titled-Tuesday-Blitz-November-28-2023"]
[Site "Chess.com"]
[Date "2023.11.28"]
[Round "4"]
[White "KorolDimitriy75"]
[Black "Blackwhite017"]
[Result "0-1"]
[WhiteElo "2291"]
[BlackElo "2059"]
[TimeControl "180+1"]
[EndTime "14:36:26 PST"]
[Termination "Blackwhite017 won on time"]

1. d4 f5 2. c4 e6 3. Nf3 Nf6 4. g3 b6 5. Bg2 Bb7 6. O-O Be7 7.
Nc3 O-O 8. Qc2 Ne4 9. Rd1 Nxc3 10. Qxc3 d6 11. b3 Bf6 12. Bb2 Qe7 13. Qd2 Nd7 14. Rac1 a5 15. Bc3 Rfd8 16. Ne1 Bxg2 17. Nxg2 e5 18.
Ne3 exd4 19. Nxf5 Qe6 20. Nxd4 Qh3 21. Nc6 Rf8 22. Bxf6 Rxf6 23. Qd5+ Kh8 24. Qg2 Qe6 0-1

[Event "Late-Titled-Tuesday-Blitz-November-28-2023"]
[Site "Chess.com"]
[Date "2023.11.28"]
[Round "4"]
[White "dropstoneDP"]
[Black "ArtemDyachuk"]
[Result "1-0"]
[WhiteElo "2957"]
[BlackElo "2558"]
[TimeControl "180+1"]
[EndTime "14:36:31 PST"]
[Termination "dropstoneDP won by checkmate"]

1. e4 e5 2. Nf3 Nc6 3. Bc4 Nf6 4.
d3 h6 5. c3 d6 6. a4 g6 7. O-O Bg7 8. Re1 O-O 9. Nbd2 Kh8 10. a5 Nh7 11. a6 b6 12. Bd5 Bd7 13. b4 Rb8 14. b5 Ne7 15. Bc4 f5 16. h3 f4 17. d4 g5 18. dxe5 dxe5 19. Ba3 Qe8 20.
Nh2 h5 21. Qe2 Rf6 22. Rad1 Ng6 23. Qxh5 Bxb5 24. Bxb5 Qxb5 25. Ndf3 Kg8 26. Ng4 Re6 27. Nxg5 Nxg5 28. Qxg5 Qxa6 29. Qf5 Qc8 30. Rd5 c6 31. Rd3 c5 32. Red1 Rc6 33. Rd7 Qf8 34. Rxa7 Ra8 35. Qxf8+ Rxf8 36. Rdd7 Rb8 37. Rxg7+ Kf8 38. Raf7+ Ke8 39. Nf6+ Kd8 40. Rg8+ Nf8 41. Rgxf8# 1-0

[Event "Late-Titled-Tuesday-Blitz-November-28-2023"]
[Site "Chess.com"]
[Date "2023.11.28"]
[Round "4"]
[White "zajka-molotok"]
[Black "Rodalquilar"]
[Result "0-1"]
[WhiteElo "2530"]
[BlackElo "2743"]
[TimeControl "180+1"]
[EndTime "14:36:36 PST"]
[Termination "Rodalquilar won on time"]

1. e4 d5 2. exd5 Qxd5 3. Nc3 Qa5 4. d4 Nf6 5. Nf3 Bf5 6. Bc4 e6 7. O-O Bb4 8. Ne2 O-O 9. c3 Bd6 10. Ng3 Bg6 11. Re1 Nbd7 12. Nh4 c6 13. Nxg6 hxg6 14. Ne4 Nxe4 15. Rxe4 Rfe8 16. Bb3 Rad8 17. Qe2 Nf6 18. Re3 Qf5 19. Bc2 Qg4 20. h3 Qh4 21. Bd2 g5 22.
Re1 Bf4 23. Rd3 Bc7 24. a4 g4 25. Qf1 Rd5 26. g3 Qxh3 27. Qxh3 gxh3 28. Bc1 Rh5 0-1

[Event "Late-Titled-Tuesday-Blitz-November-28-2023"]
[Site "Chess.com"]
[Date "2023.11.28"]
[Round "4"]
[White "gabduschew"]
[Black "SouS007"]
[Result "0-1"]
[WhiteElo "2436"]
[BlackElo "2647"]
[TimeControl "180+1"]
[EndTime "14:36:36 PST"]
[Termination "SouS007 won on time"]

1. b3 e5 2. Bb2 Nc6 3. e3 Nf6 4. Bb5 Bd6 5. Na3 Na5 6. Be2 a6 7. c4 O-O 8. Nc2 Re8 9. Nf3 Nc6 10. O-O e4 11. Nfd4 Ne5 12. f3 Bf8 13. fxe4 Nxe4 14. Nf3 d6 15. d3 Nf6 16. Nxe5 dxe5 17. Bf3 c6 18. d4 e4 19. Be2 Bd6 20. Qe1 Qc7 21.
Qh4 Be7 22. Qf2 Bf8 23. h3 Bd6 24. Qe1 Bh2+ 25. Kh1 Bg3 26. Qc3 Be6 27. b4 Bh4 28. a4 Qd7 29. Kh2 Qc7+ 30. Kh1 Qg3 31. b5 Bxh3 32. Rg1 Bg5 33. Qe1 Qxe1 34. Rgxe1 Bg4 35. Kh2 Bxe2 36. Rxe2 axb5 37. axb5 Rxa1 0-1

[Event "Late-Titled-Tuesday-Blitz-November-28-2023"]
[Site "Chess.com"]
[Date "2023.11.28"]
[Round "4"]
[White "CraiggoryC"]
[Black "andrzej"]
[Result "0-1"]
[WhiteElo "2184"]
[BlackElo "2458"]
[TimeControl "180+1"]
[EndTime "14:36:38 PST"]
[Termination "andrzej won by resignation"]

1. e4 e5 2. Nc3 Nf6 3. g3 d5 4. exd5 Nxd5 5. Bg2 Nxc3 6. bxc3 Nc6 7. Nf3 Bc5 8. O-O O-O 9. Re1 Qf6 10. d4 exd4 11. Bg5 Qg6 12. cxd4 Nxd4 13. Nxd4 Qxg5 14. c3 c6 15. a4 Rd8 16. Qb3 Qf6 17. Rad1 Bg4 18. Rd2 Rab8 19. h3 Bh5 20. g4 Bg6 21. Red1 h5 22.
Nxc6 bxc6 23. Rxd8+ Rxd8 24. Rxd8+ Qxd8 25. Bxc6 Qf6 26. Qb8+ Kh7 27. Qg3 Qxc6 28. gxh5 Bxh5 29. Qe5 Qg6+ 30. Kh2 Bd6 0-1

[Event "Late-Titled-Tuesday-Blitz-November-28-2023"]
[Site "Chess.com"]
[Date "2023.11.28"]
[Round "4"]
[White "ChristopherYoo"]
[Black "Hasangatin_Ramil"]
[Result "0-1"]
[WhiteElo "3020"]
[BlackElo "2706"]
[TimeControl "180+1"]
[EndTime "14:36:40 PST"]
[Termination "Hasangatin_Ramil won by resignation"]

1. d4 d6 2. e4 Nf6 3. Nc3 e5 4. Nf3 Nbd7 5. Rg1 c6 6. g4 g6 7.
g5 Nh5 8. Be3 Qc7 9. Qd2 b5 10.
a3 Bb7 11. d5 a6 12. dxc6 Bxc6 13. O-O-O Qb7 14. Bh3 Nb6 15. b3 Be7 16. Kb1 O-O 17. Bg4 Ng7 18. h4 a5 19. Bxb6 Qxb6 20. Qe3 Qxe3 21.
fxe3 Ne6 22. b4 Nc7 23. Kb2 Rfd8 24. h5 Ne6 25. hxg6 hxg6 26. Bh3 Kg7 27. Bxe6 fxe6 28. Rdf1 Rf8 29. Kb3 axb4 30. axb4 Rf7 31. Nd2 Rxf1 32. Nxf1 Rf8 33. Nd2 Rf2 34. Ndb1 Rf3 35. Na3 Rxe3 36. Kb2 d5 37. exd5 exd5 38. Ncxb5 Bxb4 39. c3 Bc5 40. Nc7 Re2+ 41. Nc2 Bxg1 42. Ne6+ Kg8 0-1

[Event "Late-Titled-Tuesday-Blitz-November-28-2023"]
[Site "Chess.com"]
[Date "2023.11.28"]
[Round "4"]
[White "miraitrunks"]
[Black "VitaliyChayka"]
[Result "0-1"]
[WhiteElo "2044"]
[BlackElo "2425"]
[TimeControl "180+1"]
[EndTime "14:36:40 PST"]
[Termination "VitaliyChayka won on time"]

1. e4 d6 2. Nc3 Nf6 3. d4 e5 4. Nge2 Nbd7 5. g3 Be7 6. Bg2 c6 7. a4 b6 8. O-O a6 9. h3 h5 10.
Be3 Bb7 11. f4 Qc7 12. fxe5 dxe5 13. dxe5 Nxe5 14. Bf4 Rd8 15. Qe1 b5 16. Rd1 Bc5+ 17. Kh2 Rxd1 18. Nxd1 h4 19. Qc3 hxg3+ 20. Nxg3 Nfd7 21. axb5 axb5 22. Nf5 g6 23. Nh6 Rxh6 24. Qg3 Bd6 25. Ne3 Rh5 26. Ng4 Nxg4+ 27. Qxg4 Bxf4+ 28. Rxf4 Ne5 29. Qg3 Bc8 30. Bf1 g5 0-1

[Event "Late-Titled-Tuesday-Blitz-November-28-2023"]
[Site "Chess.com"]
[Date "2023.11.28"]
[Round "4"]
[White "GlavkonVVS"]
[Black "Alex_Sahakyan2006"]
[Result "0-1"]
[WhiteElo "2513"]
[BlackElo "2696"]
[TimeControl "180+1"]
[EndTime "14:36:41 PST"]
[Termination "Alex_Sahakyan2006 won by checkmate"]

1. c4 g6 2. Nc3 Bg7 3. Nf3 c5 4. g3 Nc6 5. Bg2 d6 6. O-O Bd7 7. d3 Qc8 8. h4 Bh3 9. a3 Nf6 10. Rb1 O-O 11. b4 Bxg2 12. Kxg2 b6 13. e4 Ng4 14.
Ne2 f5 15. Nf4 Qd7 16. Ng5 Nd4 17. Be3 h6 18. Ngh3 Kh7 19. h5 g5 20. Ng6 Rf7 21. Bxg5 hxg5 22. Nxg5+ Kg8 23. Nxf7 Kxf7 24. Re1 e5 25. f3 Nf6 26. f4 exf4 27. gxf4 fxe4 28. dxe4 Qc6 29. b5 Qb7 30. Qd3 Re8 31. Kh3 Nxe4 32.
Rf1 Qd7+ 33. f5 Ng5+ 34. Kg4 Re4+ 35. Kxg5 Bf6+ 36. Kh6 Qd8 37. Qxe4 Bg7+ 38. Kh7 Qg8# 0-1

[Event "Late-Titled-Tuesday-Blitz-November-28-2023"]
[Site "Chess.com"]
[Date "2023.11.28"]
[Round "4"]
[White "GoltsevDmitry2000"]
[Black "jefferyx"]
[Result "0-1"]
[WhiteElo "2664"]
[BlackElo "2981"]
[TimeControl "180+1"]
[EndTime "14:36:43 PST"]
[Termination "jefferyx won by checkmate"]

1. e4 c5 2. Nf3 d6 3. d4 cxd4 4.
Nxd4 Nf6 5. Nc3 a6 6. Be2 e5 7.
Nb3 Be7 8. O-O O-O 9. Be3 Be6 10. Nd5 Nbd7 11. f3 Bxd5 12. exd5 Ne8 13. c4 Bg5 14. Bf2 Rc8 15. a4 a5 16. g3 b6 17. h4 Bh6 18.
Nd2 f5 19. b3 Nc5 20. Qc2 Bxd2 21. Qxd2 Nxb3 22. Qb2 Nxa1 23. Bxb6 Rb8 24. Rb1 Qxb6+ 25. Qxb6 Rxb6 26. Rxb6 Nc2 27. Ra6 Nd4 28. Kf2 Nb3 29. Bd1 Nc5 30. Rxa5 Nc7 31. Ra7 N7a6 32. Bc2 g6 33. h5 Rb8 34. hxg6 Rb2 35. gxh7+ Kh8 36. Rf7 Rxc2+ 37. Kg1 Rxc4 38. a5 Rd4 39. Kh2 Rxd5 40. g4 fxg4 41. fxg4 e4 42. Kg3 Ne6 43. Re7 Ng5 44.
Kf4 Rxa5 45. Rd7 Rd5 46. Ra7 Nc5 47. Re7 Nce6+ 48. Kg3 Rd3+ 49. Kf2 d5 50. Ke2 d4 51. Ra7 Nf4+ 52. Kf2 Ngh3+ 53. Ke1 e3 54. g5 Nxg5 55. Ra5 Nf3+ 56. Kf1 Rd1# 0-1

[Event "Late-Titled-Tuesday-Blitz-November-28-2023"]
[Site "Chess.com"]
[Date "2023.11.28"]
[Round "4"]
[White "Hoshka"]
[Black "YellowJacek"]
[Result "0-1"]
[WhiteElo "2133"]
[BlackElo "2353"]
[TimeControl "180+1"]
[EndTime "14:36:44 PST"]
[Termination "YellowJacek won on time"]

1. d4 Nf6 2. c4 g6 3. g3 c6 4. Nc3 d5 5. cxd5 cxd5 6. Bg2 Bg7 7. Nf3 Nc6 8. Ne5 O-O 9. Bf4 Qb6 10. Nxc6 bxc6 11.
Qd2 a5 12. O-O a4 13. Rac1 Bf5 14. Be5 h5 15. h3 Rfd8 16. Rfe1 Qb4 17. a3 Qb3 18. e3 Ra6 19. Qe2 Ra7 20. f3 Rb7 21.
g4 Be6 22. Rc2 hxg4 23. hxg4 Nd7 24. Bxg7 Kxg7 25. e4 dxe4 26. fxe4 Nf6 27. g5 Nh5 28. Qf2 Nf4 29. Bf1 Nh3+ 30. Bxh3 Bxh3 31. Rd2 Qe6 32. Nxa4 Qg4+ 33. Kh2 Rh8 0-1

[Event "Late-Titled-Tuesday-Blitz-November-28-2023"]
[Site "Chess.com"]
[Date "2023.11.28"]
[Round "4"]
[White "PNEPaul"]
[Black "Charodej1"]
[Result "0-1"]
[WhiteElo "1861"]
[BlackElo "2204"]
[TimeControl "180+1"]
[EndTime "14:36:45 PST"]
[Termination "Charodej1 won on time"]

1. e4 c6 2. d4 d5 3. Nc3 dxe4 4.
f3 Nd7 5. fxe4 e5 6. d5 Bb4 7. Nf3 Ngf6 8. Bg5 Qa5 9. Bxf6 Bxc3+ 10. bxc3 Qxc3+ 11. Kf2 Nxf6 12. Bd3 cxd5 13. exd5 O-O 14.
Re1 Qc5+ 15. Kf1 e4 16. Bxe4 Nxe4 17. Rxe4 b6 18. c4 Ba6 19. Qd4 Qd6 20. Rg4 f6 21. Kg1 Rac8 22. Rc1 Rc5 23. Nh4 Qd7 24. Qf4 b5 25.
Nf5 g6 26. Nh6+ Kh8 27. Rh4 g5 0-1

[Event "Late-Titled-Tuesday-Blitz-November-28-2023"]
[Site "Chess.com"]
[Date "2023.11.28"]
[Round "4"]
[White "GMJustin"]
[Black "Perecke"]
[Result "0-1"]
[WhiteElo "2324"]
[BlackElo "2503"]
[TimeControl "180+1"]
[EndTime "14:36:46 PST"]
[Termination "Perecke won by resignation"]

1. d4 Nf6 2. c4 e6 3. Nc3 Bb4 4. e3 d5 5. Nf3 O-O 6. Bd3 b6 7. O-O dxc4 8. Bxc4 Bb7 9. Qe2 c5 10. Rd1 Qe7 11. d5 Bxc3 12. d6 Qd7 13. bxc3 Nd5 14. Bb2 Nc6 15. e4 Nf4 16. Qe3 Ng6 17. e5 Na5 18. Bd3 Bxf3 19. gxf3 f6 20. f4 fxe5 21. fxe5 Nf4 22. Bf1 Rf5 23. c4 Raf8 24. Qe4 Nc6 25.
Rd2 Ng6 26. Bg2 Ncxe5 27. Bxe5 Nxe5 28. Qb7 Qxb7 29. Bxb7 Nxc4 30. Re2 Nxd6 31. Bc6 R8f6 0-1

[Event "Late-Titled-Tuesday-Blitz-November-28-2023"]
[Site "Chess.com"]
[Date "2023.11.28"]
[Round "4"]
[White "gmpeter008"]
[Black "NateSolon"]
[Result "0-1"]
[WhiteElo "2508"]
[BlackElo "2675"]
[TimeControl "180+1"]
[EndTime "14:36:47 PST"]
[Termination "NateSolon won by resignation"]

1. d4 d5 2. c4 c6 3. Nf3 Nf6 4. e3 e6 5. Bd3 dxc4 6. Bxc4 Nbd7 7. Nc3 Bd6 8. e4 b5 9. Bd3 e5 10. d5 cxd5 11. Nxb5 Bb4+ 12. Bd2 Bxd2+ 13. Qxd2 O-O 14.
Nc3 d4 15. Ne2 Bb7 16. Ng3 Re8 17. b4 a5 18. O-O axb4 19. Qxb4 Ba6 20. Bxa6 Rxa6 21.
h3 Qa8 22. Rfc1 Nxe4 23. Nxe4 Qxe4 24. Rc7 Qd5 25. Re1 d3 26. a4 h6 27. Qb5 Qxb5 28.
axb5 Rd6 29. Rd1 e4 30. Nd2 Ne5 31. Nc4 Nxc4 32. Rxc4 f5 33. f3 e3 0-1

[Event "Late-Titled-Tuesday-Blitz-November-28-2023"]
[Site "Chess.com"]
[Date "2023.11.28"]
[Round "4"]
[White "EvilMorty23"]
[Black "Cidonka"]
[Result "1-0"]
[WhiteElo "2485"]
[BlackElo "2276"]
[TimeControl "180+1"]
[EndTime "14:36:50 PST"]
[Termination "EvilMorty23 won on time"]

1. e4 c6 2. d4 d5 3. e5 c5 4.
dxc5 e6 5. a3 Bxc5 6. b4 Be7 7.
Nf3 f6 8. Bb2 a5 9. b5 Nd7 10.
Nbd2 Nh6 11. c4 Nf7 12. cxd5 Ndxe5 13. Nxe5 fxe5 14. Qg4 exd5 15. Qxg7 Bf6 16. Qg3 Bf5 17. Be2 Kf8 18. a4 Rg8 19. Ba3+ Be7 20. Qf3 Bg4 21. Bxe7+ Qxe7 22. Qxd5 Rd8 23. Qe4 Rd4 24. Qe3 Bxe2 25.
Kxe2 Rxg2 26. Rhg1 Rgg4 27. Rxg4 Rxg4 28. Rc1 Kg7 29. b6 Qb4 30. Rc7 Qd4 31. Qxd4 Rxd4 32. Rxb7 Rxa4 33. Nb3 Rb4 34. Nxa5 Kf6 35. Nc6 Rb2+ 36.
Kf3 Nd6 37. Rb8 e4+ 38. Kg2 Nf5 39. b7 Kg7 40. Na5 e3 41. Rf8 Rxf2+ 42. Kg1 Kxf8 43. b8=Q+ Kg7 44. Qe5+ Kg6 45. Nc4 Rc2 46. Nxe3 Rc1+ 47.
Kf2 Nxe3 48. Qxe3 Rc2+ 49. Kg3 Rc6 50. Qe4+ 1-0

[Event "Late-Titled-Tuesday-Blitz-November-28-2023"]
[Site "Chess.com"]
[Date "2023.11.28"]
[Round "4"]
[White "djano"]
[Black "h4parah5"]
[Result "1-0"]
[WhiteElo "2573"]
[BlackElo "2906"]
[TimeControl "180+1"]
[EndTime "14:36:52 PST"]
[Termination "djano won by resignation"]

1. e4 c5 2. Nc3 Nc6 3. Bb5 Nd4 4. Nf3 Nxb5 5. Nxb5 d6 6. O-O Nf6 7. Re1 a6 8. Nc3 e5 9. a3 Be7 10. b4 c4 11. d4 cxd3 12. cxd3 O-O 13. h3 Be6 14. d4 Rc8 15. Bb2 Qc7 16. Rc1 Qb8 17. dxe5 dxe5 18. Nd5 Bxd5 19. Bxe5 Rxc1 20. Qxc1 Qd8 21. exd5 Qxd5 22.
Rd1 Qe6 23. Qc7 b5 24. Nd4 Qd7 25. Qxd7 Nxd7 26. Bxg7 Kxg7 27. Nf5+ Kf6 28. Rxd7 Bxb4 29. axb4 Kxf5 30. Ra7 Ke5 31. Rxa6 Kd5 32. Rh6 f5 33.
Rxh7 Kc4 34. g4 Kxb4 35. Kg2 Kc3 36. Rc7+ Kd4 37. Rb7 Kc4 38. g5 b4 39. h4 Rh8 40.
Kg3 b3 41. g6 Rh6 42. g7 Rg6+ 43. Kf4 b2 44. Kxf5 Rxg7 45. Rxb2 Kd5 46. Rd2+ Kc6 47. h5 Rf7+ 48. Kg6 1-0